Map: 2000 Atmospheres LE

Players

Grolg

  • Race: Terran Terran
  • League: Master

Aicy - Winner!

  • Race: Zerg Zerg
  • League: Master

VOD

Have the link to the VOD?

Description

Time

  • Played on: Nov. 1, 2021, 12:11 p.m.
  • Length: 11:58
Show
View Real Time Build Order
Export as new Build Order

Grolg Terran 

Build Orders: Command Center First (CC) 

Get SALT Encoding   

  12  0:04  SCV  
  13  0:17  SCV  
  13  0:20  Supply Depot  
  14  0:29  SCV  
  15  0:41  SCV  
  16  0:53  SCV  
  17  1:01  Command Center  
  17  1:05  SCV  
  18  1:14  Barracks  
  18  1:18  SCV  
  19  1:21  Refinery  
  19  1:30  SCV  
  20  1:35  Barracks  
  20  1:42  SCV  
  20  1:44  Refinery  
  21  1:54  SCV  
  22  2:04  Barracks Reactor  
  22  2:06  Orbital Command  
  22  2:12  Orbital Command  
  22  2:27  Factory  
  22  2:29  Barracks Tech Lab  
  22  2:32  SCV  
  23  2:38  SCV  
  23  2:39  Marine  
  23  2:40  Marine  
  27  2:44  SCV  
  27  2:49  Stimpack  
  27  2:50  Marine  
  28  2:51  SCV  
  28  2:56  SCV  
  30  3:00  Supply Depot  
  30  3:04  SCV  
  31  3:07  Marine x2  
  31  3:08  SCV, Marine  
  35  3:16  SCV  
  35  3:19  Starport  
  36  3:20  SCV  
  36  3:22  Factory Reactor  
  36  3:26  Supply Depot  
  37  3:28  SCV, Marine  
  37  3:31  Marine  
  37  3:32  SCV, Marine  
  42  3:40  SCV  
  43  3:44  SCV  
  43  3:48  Supply Depot x2, Marine  
  44  3:50  Marine  
  44  3:52  SCV, Marine  
  48  3:56  SCV  
  48  4:02  Medivac x2  
  53  4:04  SCV  
  53  4:09  SCV, Marine x2  
  57  4:10  Marine  
  57  4:16  SCV  
  59  4:22  SCV  
  60  4:27  Marine x2  
  60  4:28  Command Center, Marine  
  60  4:30  SCV  
  64  4:32  Combat Shield  
  64  4:35  Supply Depot  
  64  4:41  Starport Reactor  
  64  4:46  SCV  
  64  4:47  SCV  
  64  4:49  Factory Reactor  
  64  4:50  Marine x3  
  69  4:53  Barracks, Engineering Bay x2  
  69  4:57  Refinery  
  69  5:00  Refinery  
  69  5:01  Supply Depot  
  69  5:04  SCV  
  69  5:05  SCV  
  71  5:08  Marine x2  
  73  5:16  SCV  
  73  5:17  SCV  
  75  5:22  Supply Depot  
  75  5:24  Supply Depot  
  76  5:28  SCV  
  76  5:29  SCV  
  77  5:36  Barracks  
  77  5:37  Factory Tech Lab  
  77  5:38  Terran Infantry Weapons Level 1  
  77  5:40  SCV  
  77  5:41  SCV, Terran Infantry Armor Level 1  
  79  5:46  Orbital Command  
  79  5:50  Medivac  
  79  5:52  SCV  
  79  5:53  Medivac  
  79  5:56  SCV  
  85  6:00  Marine x2  
  85  6:03  Siege Tank  
  90  6:04  SCV  
  90  6:05  Orbital Command  
  89  6:12  Marine x2  
  89  6:16  SCV x2  
  93  6:20  Medivac  
  93  6:23  Medivac  
  97  6:26  Barracks  
  97  6:27  Refinery  
  97  6:29  Concussive Shells  
  97  6:32  Refinery  
  97  6:33  SCV x2  
  97  6:34  SCV  
  100  6:41  Siege Tank  
  100  6:45  SCV x2  
  100  6:46  SCV  
  106  6:48  Marine x3  
  109  6:57  SCV x2  
  109  6:58  SCV, Armory  
  105  7:09  Marauder, Marine x5  
  105  7:15  Barracks Tech Lab  
  112  7:16  Marine  
  112  7:21  Supply Depot x2  
  113  7:23  Supply Depot  
  113  7:26  Marine  
  117  7:30  Siege Tank  
  117  7:36  Supply Depot  
  117  7:38  Marine  
  117  7:42  Marine x3  
  117  7:43  Marauder x2  
  124  7:51  Factory  
  123  7:53  Terran Vehicle Weapons Level 1  
  123  7:58  Terran Infantry Weapons Level 2  
  123  8:00  Terran Infantry Armor Level 2  
  123  8:02  Siege Tank  
  123  8:04  Marauder x2  
  127  8:12  Bunker  
  127  8:13  Bunker  
  127  8:15  Supply Depot  
  127  8:17  Supply Depot  
  125  8:24  Marine  
  125  8:26  Marauder x2, Marine x2  
  116  8:32  Marine  
  97  8:34  Siege Tank, Factory Tech Lab  
  93  8:47  Marauder x2  
  93  8:48  Medivac  
  93  8:52  Marine  
  86  8:56  Marine  
  86  9:01  Marine  
  77  9:03  Siege Tank  
  77  9:08  Marauder x2, Siege Tank  
  86  9:10  Marine  
  86  9:13  Marine  
  86  9:16  Marine  
  89  9:18  SCV  
  90  9:29  Marine  
  90  9:30  Marauder x2, Marine  
  96  9:37  Marine x2  
  92  9:47  Marine  
  92  9:49  Siege Tank  
  92  9:51  Marauder x2  
  100  9:54  Siege Tank  
  100  9:55  Orbital Command  
  100  10:05  Marine  
  101  10:09  SCV x2  
  101  10:12  Marauder x2  
  104  10:15  Marine x2  
  104  10:21  SCV  
  106  10:25  SCV x2  
  108  10:29  Marine x2  
  108  10:30  Marine  
  108  10:33  SCV, Siege Tank x2  
  108  10:34  Marauder x2  
  108  10:35  Medivac  
  124  10:37  SCV  
  125  10:44  Medivac, SCV, Marine x2  
  125  10:48  Supply Depot, Marine x3  
  125  10:49  Supply Depot x2  
  133  10:59  Marine  
  133  11:02  Marauder x2, Marine x2  
  131  11:06  Marine x2  
  131  11:09  Siege Tank x2  
  139  11:16  Marine  
  139  11:17  Marine  
  141  11:19  Marine  
  141  11:20  Marine  
  141  11:24  Marauder x2  
Show
View Real Time Build Order
Export as new Build Order

Aicy Zerg - Winner!

Build Orders: Hatch First 

Get SALT Encoding   

  12  0:00  Drone  
  13  0:13  Overlord  
  13  0:17  Drone  
  14  0:31  Drone  
  14  0:32  Drone  
  16  0:47  Hatchery  
  15  0:50  Drone  
  15  0:54  Drone  
  17  0:58  Drone  
  18  1:07  Extractor  
  17  1:13  Spawning Pool  
  17  1:16  Drone  
  17  1:20  Drone  
  18  1:33  Drone  
  19  1:41  Drone  
  20  1:55  Overlord  
  20  2:00  Queen x2  
  20  2:01  Zergling x4  
  26  2:13  Drone x2  
  28  2:22  Drone  
  29  2:24  Drone  
  30  2:36  Drone  
  31  2:37  Queen x2  
  31  2:40  Drone  
  36  2:45  Overlord  
  36  2:49  Evolution Chamber  
  36  2:51  Evolution Chamber, Drone  
  35  3:00  Drone  
  36  3:06  Overlord  
  36  3:07  Drone x2  
  36  3:08  Drone  
  36  3:09  Drone  
  40  3:14  Drone x2  
  40  3:15  Drone  
  43  3:20  Zerg Missile Weapons Level 1  
  43  3:26  Zerg Ground Armor Level 1  
  43  3:29  Drone  
  43  3:30  Drone  
  43  3:33  Drone  
  43  3:34  Drone  
  47  3:37  Drone  
  48  3:42  Drone  
  48  3:43  Drone  
  48  3:46  Drone x2  
  48  3:48  Overlord  
  52  3:51  Lair  
  52  3:54  Drone, Extractor  
  52  3:57  Extractor x2  
  52  3:58  Drone x2  
  52  4:04  Roach Warren  
  52  4:05  Drone  
  52  4:07  Drone  
  53  4:11  Drone x2  
  53  4:13  Drone  
  56  4:18  Queen  
  58  4:29  Hatchery  
  58  4:30  Overlord  
  57  4:33  Overlord  
  57  4:41  Metabolic Boost  
  57  4:43  Overlord x2  
  57  4:52  Glial Reconstitution  
  57  4:55  Queen  
  59  5:01  Roach x3  
  59  5:02  Roach  
  67  5:09  Roach x2  
  67  5:11  Zergling x2  
  72  5:14  Drone x4  
  76  5:22  Zerg Missile Weapons Level 2  
  76  5:25  Zerg Ground Armor Level 2  
  76  5:29  Overlord  
  76  5:35  Overlord  
  76  5:41  Drone x3  
  76  5:42  Drone  
  79  5:47  Drone x4  
  83  5:53  Queen  
  83  5:55  Queen  
  87  5:57  Overlord  
  87  6:00  Drone x2  
  87  6:13  Overlord  
  87  6:14  Overlord  
  87  6:15  Overseer  
  87  6:18  Drone x2  
  87  6:19  Drone x4, Extractor x2  
  91  6:29  Overlord  
  91  6:30  Overlord  
  91  6:36  Spore Crawler  
  91  6:38  Roach x6, Spore Crawler  
  101  6:40  Spore Crawler  
  101  6:41  Overlord  
  100  6:50  Roach  
  100  6:51  Roach x5  
  112  6:57  Overlord x3  
  112  7:14  Roach x6  
  124  7:20  Ravager x3  
  124  7:21  Ravager  
  124  7:22  Ravager x3  
  131  7:23  Ravager x5  
  131  7:28  Roach  
  131  7:29  Roach x6  
  150  7:37  Zergling x6  
  150  7:38  Roach  
  151  7:44  Infestation Pit  
  150  7:53  Roach x9  
  168  8:01  Overlord x3  
  164  8:21  Hatchery  
  164  8:25  Roach x8  
  160  8:32  Roach  
  160  8:33  Roach x3  
  152  8:46  Roach x7  
  157  8:55  Roach x3  
  151  8:56  Roach x2  
  151  9:01  Hive  
  135  9:06  Drone x4  
  136  9:15  Ravager x2  
  136  9:16  Ravager x2  
  129  9:17  Drone x6  
  129  9:21  Zerg Melee Weapons Level 1  
  129  9:22  Drone  
  136  9:35  Drone x7  
  141  9:44  Drone x3  
  142  9:54  Hatchery  
  131  10:01  Baneling Nest  
  131  10:02  Hatchery  
  131  10:03  Drone x5  
  118  10:22  Viper x2  
  118  10:23  Viper x2  
  118  10:25  Zergling x24  
  142  10:38  Ultralisk Cavern  
  141  10:51  Zergling x18  
  141  10:52  Zergling x4  
  141  10:53  Baneling  
  141  10:54  Baneling x4  
  145  11:06  Zergling x8  
  145  11:07  Zergling x14  
  142  11:26  Hatchery  
  142  11:32  Zergling x6  
  135  11:33  Zergling x28  
Tags
 
Add a new tag
Caveats
  • Supply blocks, unpowered buildings, or Contaminate may cause inaccurate times.
  • Supply counts are checked every 10 seconds.